 Dungeon Crawl Stone Soup version 0.24-a0-539-g6aae15eeb0 (webtiles) character file.

Game seed: 10901732817219022667

214 Peloso the Covered (level 5, -2/47 HPs)
             Began as a Minotaur Fighter on Aug 17, 2019.
             Slain by a slave (4 damage)
             ... led by Pikel
             ... on level 3 of the Dungeon.
             The game lasted 00:05:32 (2655 turns).

Peloso the Covered (Minotaur Fighter)               Turns: 2655, Time: 00:05:32

Health: -2/47      AC:  9    Str: 20    XL:     5   Next: 60%
Magic:  4/4        EV:  7    Int:  5    God:
Gold:   215        SH:  9    Dex: 11    Spells: 4/4 levels left

rFire    . . .     SeeInvis .   a - +0 long sword
rCold    . . .     Gourm    .   c - +0 shield
rNeg     . . .     Faith    .   b - +0 chain mail
rPois    .         Spirit   .   (helmet restricted)
rElec    .         Reflect  .   (no cloak)
rCorr    .         Harm     .   (no gloves)
MR       .....                  (no boots)
Stlth    ..........             (no amulet)
HPRegen  0.15/turn              (no ring)
MPRegen  0.09/turn              (no ring)

@: no status effects
A: retaliatory headbutt, hooves 1, horns 2, repulsion field 1
a: no special abilities


You were on level 3 of the Dungeon.
You were hungry.

You visited 1 branch of the dungeon, and saw 4 of its levels.

You collected 215 gold pieces.

Inventory:

Hand Weapons
 a - a +0 long sword (weapon)
Armour
 b - a +0 chain mail (worn)
 c - a +0 shield (worn)
Scrolls
 k - a scroll of remove curse
 l - a scroll of identify
Potions
 d - a potion of might
 e - 2 potions of curing
 g - a potion of flight
 h - a potion of heal wounds
 i - 3 potions of resistance
 m - a potion of lignification {unknown}
Comestibles
 f - 9 rations


   Skills:
 + Level 4.6 Fighting
 + Level 4.6 Long Blades
 + Level 4.9 Armour
 + Level 0.2 Dodging
 + Level 4.7 Shields


You had 4 spell levels left.
You didn't know any spells.
Your spell library contained the following spells:

 Spells                   Type           Power        Failure   Level  Hunger
 Beastly Appendage        Tmut           #.....       100%        1    ##.....
 Sticks to Snakes         Tmut           #.......     100%        2    ###....
 Spider Form              Tmut/Pois      #.........   100%        3    ####...
 Ice Form                 Ice/Tmut       #.......     100%        4    #####..
 Blade Hands              Tmut           #.........   100%        5    ######.


Dungeon Overview and Level Annotations

Branches:
Dungeon (4/15)
 Temple: D:4-7

Altars:

Annotations:
D:3 Pikel
D:4 Menkaure


Innate Abilities, Weirdness & Mutations

You reflexively headbutt those who attack you in melee.
You have a pair of horns on your head.
You have large cloven feet.
You are surrounded by a mild repulsion field. (EV +2)


Message History

You block Pikel's attack. The slave hits you.
* * * LOW HITPOINT WARNING * * *
You closely miss Pikel. You kick Pikel. You headbutt Pikel, but do no damage.
Pikel is almost dead.
Pikel barely misses you. You furiously retaliate!
You headbutt Pikel, but do no damage. The slave hits you but does no damage.
You hit Pikel but do no damage.
Pikel is almost dead.
Pikel says, "Slavery isn't that bad."
You block Pikel's attack. The slave hits you but does no damage.
You hit Pikel but do no damage.
Pikel is almost dead.
You block Pikel's attack. The slave hits you!
* * * LOW HITPOINT WARNING * * *
Pikel hits you but does no damage.
Your chain mail prevents you from hitting Pikel.
You headbutt Pikel, but do no damage.
Pikel is almost dead.
The slave hits you.
You die...

#...# ###.)......#
#...# #.###.##.#
#...#####.# #..#.#
##...÷....# ##.#.#
#.....#### #.).#
#.....# ##..#
##.....########..####
.+.....##......p.K..#
##.....##.......@...#
.'.....##...........#
##.....##...........#
##.....##..........(#
.'.....##...........#
##.........)........#
#.....÷..######'####
#........# ####.#
#........# #..#.#


You could see Pikel and a slave.

Vanquished Creatures
  A slave (D:4)
  A jelly (D:2)
  A worker ant (D:4)
  3 adders
  12 oozes
  A worm (D:3)
  2 leopard geckos
  An orc (D:3)
  7 bats
  6 giant cockroaches
  5 goblins
  9 hobgoblins
  4 jackals (D:1)
  3 quokkas
  15 kobolds
  7 rats
78 creatures vanquished.

Vanquished Creatures (others)
  A fungus (D:2)
  9 toadstools (D:2)
10 creatures vanquished.

Grand Total: 88 creatures vanquished

Notes
Turn   | Place    | Note
-------+----------+-------------------------------------------
     0 | D:1      | Peloso the Minotaur Fighter began the quest for the Orb.
     0 | D:1      | Reached XP level 1. HP: 19/19 MP: 0/0
   160 | D:1      | Reached XP level 2. HP: 24/27 MP: 1/1
   536 | D:1      | Reached XP level 3. HP: 33/33 MP: 2/2
  1021 | D:2      | Reached XP level 4. HP: 22/40 MP: 3/3
  1141 | D:2      | Reached XP level 5. HP: 32/47 MP: 4/4
  1584 | D:2      | Gained mutation: You have large cloven feet. [potion of
                  | mutation]
  1584 | D:2      | Gained mutation: You are surrounded by a mild repulsion
                  | field. (EV +2) [potion of mutation]
  2278 | D:4      | Noticed a slave
  2284 | D:4      | Noticed Menkaure
  2293 | D:4      | Killed a slave
  2296 | D:4      | Noticed Pikel
  2488 | D:4      | Noticed a slave
  2489 | D:4      | Noticed a slave
  2490 | D:4      | Noticed a slave
  2649 | D:3      | HP: 2/47 [Pikel/+1 whip of flaming (7)]
  2654 | D:3      | HP: 2/47 [slave[Pikel] (7)]
  2655 | D:3      | Slain by a slave

Levels and vault maps discovered:
D:1:      lemuel_arrival_broad_hall, layout_loops_ring, minmay_octomino_e4
D:2:      cheibrodos_fertilizer, layout_basic, serial_curves, eino_curves_01,
          eino_curves_04
D:3:      layout_basic, first_ration
D:4:      layout_basic, uniq_menkaure, uniq_edmund, uniq_pikel

Skill      XL: |  1  2  3  4  5 |
---------------+----------------+-----
Armour         | 4 |  4.9
Fighting       | 4 |  4.6
Long Blades    | 3 4 |  4.6
Shields        | 4 |  4.7
Dodging        | |  0.2

Action                   |  1- 3 |  4- 6 || total
-------------------------+-------+-------++-------
Melee: Long sword        |    84 |   106 ||   190
       Headbutt          |     9 |    21 ||    30
       Kick              |       |    20 ||    20
  Use: Scroll            |     1 |     4 ||     5
       Potion            |       |     5 ||     5
  Eat: Chunk             |       |     5 ||     5
Armor: Scale mail        |    46 |    33 ||    79
       Chain mail        |       |    28 ||    28
Dodge: Dodged            |    24 |    52 ||    76
Block: Shield            |    54 |    67 ||   121
       Rpst.: Long sword |     8 |     9 ||    17

Table legend:
 A = Non-vault XP
 B = Vault XP
 C = Vault XP percentage of total XP
 D = Non-vault monster count
 E = Vault monster count
 F = Vault count percentage of total count
                 A         B        C        D         E       F
            +---------+---------+-------+---------+---------+-------
      Total |     175 |     132 |  43.0 |      55 |      22 |  28.6
            +---------+---------+-------+---------+---------+-------
        D:1 |      41 |       6 |  12.8 |      19 |       4 |  17.4
        D:2 |      39 |     126 |  76.4 |      17 |      18 |  51.4
        D:3 |      61 |       0 |   0.0 |      18 |       0 |   0.0
        D:4 |      34 |       0 |   0.0 |       1 |       0 |   0.0
            +---------+---------+-------+---------+---------+-------
